 Dungeon Crawl Stone Soup version 0.30-b1-2-g02819fbbbe (webtiles) character file.

Game seed: 2551044608048135828

22661 Mesmaeker13 the Fighter (level 12, -6/115 HPs)
             Began as a Minotaur Hunter on July 17, 2023.
             Mangled by a skyshark (16 damage)
             ... on level 3 of the Lair of Beasts.
             The game lasted 00:33:07 (13929 turns).

Mesmaeker13 the Fighter (Minotaur Hunter)          Turns: 13929, Time: 00:33:08

Health: -6/115     AC: 15    Str: 17    XL:     12   Next: 65%
Magic:  11/11      EV: 14    Int:  8    God:
Gold:   809        SH:  0    Dex: 16    Spells: 4/11 levels left

rFire   + . .        V - +2 hammer (heavy)
rCold   . . .        (no shield)
rNeg    . . .        B - +3 ring mail of Somewhere Else {Regen+}
rPois   +            (helmet restricted)
rElec   .            s - +2 cloak
rCorr   .            g - +0 pair of gloves
SInv    .            (no boots)
Will    .....        O - amulet of the acrobat
Stlth   +            G - ring of protection from fire
HPRegen 1.19/turn    S - ring of poison resistance
MPRegen 0.12/turn

%: acrobat
@: mighty
A: horns 2, retaliatory headbutt
a: no special abilities


You were on level 3 of the Lair of Beasts.
You visited 3 branches of the dungeon, and saw 14 of its levels.
You also visited: Ossuary.

You collected 809 gold pieces.

Inventory:

Hand Weapons
 a - a +0 shortbow
 r - a +3 whip of venom
 V - a +2 heavy hammer (weapon)
Missiles
 d - a curare-tipped dart
Armour
 g - a +0 pair of gloves (worn)
 s - a +2 cloak (worn)
 x - a +3 leather armour of willpower
 B - the +3 ring mail of Somewhere Else (worn) {Regen+}
   (You found it on level 6 of the Dungeon)

   Regen:     It increases your rate of health regeneration.
 H - a scarf of invisibility
 R - a +1 scale mail of positive energy
Jewellery
 h - an amulet of reflection
 n - a ring of positive energy
 q - a ring of ice
 D - an amulet of faith
 G - a ring of protection from fire (left hand)
 O - an amulet of the acrobat (around neck)
 S - a ring of poison resistance (right hand)
Wands
 p - a wand of flame (52)
 y - a wand of iceblast (7)
 L - a wand of digging (3)
Scrolls
 b - 3 scrolls of immolation
 e - 3 scrolls of teleportation
 f - 4 scrolls of fog
 i - a scroll of vulnerability
 k - 2 scrolls of blinking
 l - a scroll of magic mapping
 m - 3 scrolls of poison
 t - 7 scrolls of noise
 u - a scroll of silence {unknown}
 z - 2 scrolls of amnesia {unknown}
 C - a scroll of fear
 E - 3 scrolls of enchant weapon
 N - a scroll of enchant armour
Potions
 c - 7 potions of curing
 j - a potion of flight
 v - 2 potions of might
 w - 3 potions of ambrosia
 A - 5 potions of brilliance
 F - a potion of resistance {unknown}
 I - a potion of berserk rage
 J - a potion of attraction {unknown}
 K - 3 potions of mutation {unknown}
 P - a potion of experience {unknown}
 Q - a potion of magic {unknown}
 T - a potion of invisibility {unknown}


   Skills:
 + Level 13.5 Fighting
 + Level 3.0 Maces & Flails
 + Level 13.0 Ranged Weapons
 + Level 10.6 Armour
 - Level 7.7 Dodging
 - Level 0.7 Stealth
 + Level 6.8 Air Magic


You had 4 spell levels left.
You knew the following spells:

 Your Spells              Type           Power      Damage    Failure   Level
a - Airstrike             Air            5%         2d(1-17)  41%         4
b - Swiftness             Air            10%        N/A       13%         3

Your spell library contained the following spells:

 Spells                   Type           Power      Damage    Failure   Level
 Shock                    Conj/Air       20%        1d4       19%         1
 Cigotuvi's Dreadful Rot  Necr/Pois/Air  6%         N/A       38%         2
 Apportation              Tloc           0%         N/A       56%         1
 Necrotise                Necr           0%         1d4       56%         1
 Summon Small Mammal      Summ           0%         N/A       56%         1
 Hailstorm                Conj/Ice       0%         3d3       91%         3
 Ozocubu's Armour         Ice            0%         N/A       91%         3
 Animate Dead             Necr           0%         N/A       100%        4
 Dispel Undead            Necr           0%         3d6       100%        4
 Ice Form                 Ice/Tmut       0%         N/A       100%        4
 Alistair's Intoxication  Tmut/Pois      0%         N/A       100%        5
 Death Channel            Necr           0%         N/A       100%        6
 Simulacrum               Ice/Necr       0%         N/A       100%        6
 Haunt                    Necr/Summ      0%         N/A       100%        7
 Ozocubu's Refrigeration  Ice            0%         4d7       100%        7
 Infestation              Necr           0%         N/A       100%        8


Dungeon Overview and Level Annotations

Branches:
Dungeon (10/15)            Temple (1/1) D:7            Lair (3/5) D:9
 Shoals (0/4) Lair:3       Spider (0/4) Lair:2      Ossuary (visited)
    Orc: D:9-12

Altars:
Ashenzari
Cheibriados
Dithmenos
Elyvilon
Fedhas
Gozag
Hepliaklqana
Kikubaaqudgha
Makhleb
Nemelex Xobeh
Qazlal
Ru
Sif Muna
Trog
Uskayaw
Vehumet
Wu Jian
Xom
Yredelemnul
Zin
The Shining One

Shops:
D:2 :   D:5 *   D:8 !

Annotations:
D:3 Grinder, Sigmund
D:6 2 runed translucent doors, diceflayer's ghost, novice DsHu
D:7 1 runed translucent door, ThomasProcell's ghost, novice MiFi
D:9 Psyche
Lair:3 Rupert


Innate Abilities, Weirdness & Mutations

You have a pair of horns on your head.
You reflexively headbutt those who attack you in melee.


Message History

You kill the catoblepas!
The snapping turtle is engulfed in calcifying dust. x3
Your Maces & Flails skill increases to level 3!
Your Ranged Weapons skill increases to level 13!
The skyshark is no longer petrified.
The helpless snapping turtle fails to defend itself.
You bludgeon the snapping turtle!!
You punch the snapping turtle, but do no damage.
The snapping turtle is moderately wounded.
The skyshark bites you.
The skyshark tastes blood and grows stronger!
The skyshark tail-slaps you. The skyshark tail-slaps you!
The skyshark closely misses you. The skyshark barely misses you.
The skyshark tail-slaps you.
The helpless snapping turtle fails to defend itself.
You hit the snapping turtle.
The snapping turtle is moderately wounded.
The skyshark bites you!
The skyshark enters a blood-rage!
The skyshark misses you.
The skyshark tail-slaps you but does no damage.
The skyshark misses you. The skyshark barely misses you.
The skyshark misses you.
The helpless snapping turtle fails to defend itself.
You hit the snapping turtle but do no damage.
The snapping turtle is moderately wounded.
The skyshark completely misses you. The skyshark misses you.
The skyshark tail-slaps you! The skyshark bites you!!
* * * LOW HITPOINT WARNING * * *
The skyshark tail-slaps you!
* * * LOW HITPOINT WARNING * * *
The skyshark closely misses you.
The helpless snapping turtle fails to defend itself.
You hit the snapping turtle.
The snapping turtle is moderately wounded.
The skyshark barely misses you. The skyshark completely misses you.
The skyshark closely misses you. The skyshark bites you.
* * * LOW HITPOINT WARNING * * *
The skyshark barely misses you. The skyshark misses you.
The skyshark bites you!
You die...

#......## ##.[.....#
##......# #.......## #.....##
##=.....# ##.....##
#.......## #.......##
#........#
##.....#.#####......##
#.......#..#........####
###..P.......tl........####
####...÷....@........##.#####
#.....÷..†.................
#......<...................
##.................<.......
###.########..##.##P#PP##P
### ###############


You could see a skyshark (berserk) and a snapping turtle (petrified).

Vanquished Creatures
  A hydra (Lair:3)
  2 boulder beetles
  A catoblepas (Lair:3)
  A two-headed ogre (D:10)
  2 black mambas (Lair:2)
  Joseph (Lair:1)
  8 cane toads
  3 komodo dragons
  A rime drake (Lair:1)
  2 trolls
  6 dream sheep
  15 blink frogs
  A hornet (D:9)
  Prince Ribbit (D:7)
  3 jumping spiders (Lair:2)
  2 culicivoras (Lair:2)
  4 wyverns
  Eustachio (D:4)
  26 yaks
  2 redbacks (Lair:2)
  3 steam dragons
  4 water moccasins
  2 orc warriors
  Duvessa (D:7)
  A sky beast (D:8)
  2 black bears (D:5)
  5 centaurs
  10 wolves
  An ogre (D:7)
  2 kobold brigands
  9 bullfrogs
  A scorpion (D:7)
  4 wights (D:8)
  Dowan (D:7)
  4 killer bees (D:8)
  4 hounds
  7 orc priests
  5 jellies
  Crazy Yiuf (D:7)
  A human zombie (Ossuary)
  3 sleepcaps
  3 iguanas
  13 orc wizards
  A hound zombie (Ossuary)
  4 mummies (Ossuary)
  4 gnolls (D:6)
  9 adders
  4 white imps
  An adder zombie (Ossuary)
  3 worms
  39 orcs
  9 ball pythons
  3 bats
  4 endoplasms
  4 giant cockroaches
  2 gnoll zombies (Ossuary)
  7 hobgoblins
  8 jackals (D:1)
  3 quokkas
  8 frilled lizards
  6 goblins
  A goblin zombie (Ossuary)
  2 hobgoblin zombies (Ossuary)
  A jackal zombie (Ossuary)
  16 kobolds
  A kobold zombie (Ossuary)
  An orc zombie (Ossuary)
  2 rats (D:2)
  A rat zombie (Ossuary)
314 creatures vanquished.

Vanquished Creatures (collateral kills)
  2 killer bees (D:8)
  An orc wizard (D:8)
  An orc (D:8)
4 creatures vanquished.

Vanquished Creatures (others)
  An orc warrior (D:8)
  A gnoll bouda (D:6)
  13 fungi
  16 plants
31 creatures vanquished.

Grand Total: 349 creatures vanquished

Notes
Turn   | Place    | Note
-------+----------+-------------------------------------------
     0 | D:1      | Mesmaeker13 the Minotaur Hunter began the quest for the
                  | Orb.
     0 | D:1      | Reached XP level 1. HP: 18/18 MP: 0/0
    72 | D:1      | Reached XP level 2. HP: 19/25 MP: 1/1
   709 | D:1      | Reached XP level 3. HP: 31/31 MP: 2/2
   951 | D:2      | Found Fuang's Book Emporium.
   996 | D:2      | Reached skill level 5 in Ranged Weapons
  1018 | D:2      | Reached XP level 4. HP: 39/39 MP: 3/3
  1782 | D:3      | Noticed Grinder
  2179 | D:3      | Reached XP level 5. HP: 9/46 MP: 4/4
  2548 | D:3      | Noticed Sigmund
  2596 | D:4      | Found a sand-covered staircase.
  2615 | Ossuary  | Entered an ossuary
  2624 | Ossuary  | Reached XP level 6. HP: 50/55 MP: 5/5
  2678 | Ossuary  | Reached skill level 5 in Fighting
  3224 | D:4      | Found a snail-covered altar of Cheibriados.
  3406 | D:4      | Reached skill level 5 in Dodging
  3490 | D:4      | Found a glowing silver altar of Zin.
  3578 | D:4      | Reached XP level 7. HP: 61/61 MP: 6/6
  3681 | D:4      | Noticed Eustachio
  3743 | D:4      | Killed Eustachio
  4331 | D:5      | Entered Level 5 of the Dungeon
  4871 | D:5      | Reached XP level 8. HP: 71/73 MP: 7/7
  4955 | D:5      | Found a sparkling altar of Nemelex Xobeh.
  4955 | D:5      | Found a sacrificial altar of Ru.
  5403 | D:5      | Found Poaqicom's Assorted Antiques.
  5676 | D:6      | Found a runed translucent door.
  5680 | D:6      | Noticed diceflayer's ghost (novice DsHu)
  6447 | D:6      | Found a runed translucent door.
  6463 | D:6      | Reached XP level 9. HP: 78/82 MP: 8/8
  6553 | D:6      | Identified the +3 ring mail of Somewhere Else {Regen+}
  6819 | D:7      | Found a runed translucent door.
  6870 | D:7      | Learned a level 4 spell: Airstrike
  6874 | D:7      | Learned a level 3 spell: Swiftness
  6899 | D:7      | Found a staircase to the Ecumenical Temple.
  6934 | D:7      | Reached skill level 1 in Armour
  7181 | D:7      | Noticed ThomasProcell's ghost (novice MiFi)
  7203 | D:7      | Reached skill level 1 in Air Magic
  7225 | D:7      | Noticed Duvessa
  7225 | D:7      | Noticed Dowan
  7251 | D:7      | Killed Duvessa
  7260 | D:7      | Killed Dowan
  7403 | D:7      | Noticed Prince Ribbit
  7415 | D:7      | Killed Prince Ribbit
  7555 | D:7      | Found a runed translucent door.
  7556 | D:7      | Noticed Crazy Yiuf
  8168 | D:8      | Found Qaijigh's Distillery.
  8340 | D:8      | Reached XP level 10. HP: 90/92 MP: 9/9
  8593 | D:8      | Reached skill level 10 in Fighting
  8593 | D:8      | Reached skill level 10 in Ranged Weapons
  8593 | D:8      | Reached skill level 5 in Armour
  9334 | D:9      | Found a staircase to the Lair.
  9506 | D:9      | Noticed Psyche
  9513 | D:9      | Paralysed by Psyche for 2 turns
  9625 | D:10     | Entered Level 10 of the Dungeon
  9703 | D:10     | Noticed a two-headed ogre
  9809 | Lair:1   | Entered Level 1 of the Lair of Beasts
  9809 | Lair:1   | Noticed a cane toad
  9827 | D:9      | Killed a cane toad
  9872 | Lair:1   | Noticed a cane toad
  9894 | Lair:1   | Killed a cane toad
  9895 | Lair:1   | Reached XP level 11. HP: 66/102 MP: 10/10
 10127 | Lair:1   | Noticed Joseph
 10140 | Lair:1   | Killed Joseph
 10316 | Lair:1   | Reached skill level 5 in Air Magic
 10572 | Lair:1   | Noticed a boulder beetle
 10745 | Lair:1   | Killed a boulder beetle
 11322 | Lair:2   | You fall into a shaft and drop 1 floor!
 11322 | Lair:3   | Noticed Rupert
 11391 | Lair:3   | Noticed a boulder beetle
 11417 | Lair:3   | Killed a boulder beetle
 11452 | Lair:3   | Noticed a five-headed hydra
 11466 | Lair:3   | Killed a five-headed hydra
 11552 | Lair:2   | Reached XP level 12. HP: 72/113 MP: 11/11
 11971 | Lair:2   | Reached skill level 10 in Armour
 12136 | Lair:2   | Found a hole to the Spider Nest.
 12623 | Temple   | Entered the Ecumenical Temple
 12745 | D:7      | Killed Crazy Yiuf
 12871 | D:10     | Noticed a two-headed ogre
 12883 | D:10     | Killed a two-headed ogre
 12884 | D:10     | Reached skill level 1 in Maces & Flails
 13426 | Lair:3   | HP: 1/115 [skyshark (10)]
 13887 | Lair:3   | Found a staircase to the Shoals.
 13887 | Lair:3   | Noticed a catoblepas
 13923 | Lair:3   | Killed a catoblepas
 13929 | Lair:3   | Mangled by a skyshark

Illustrated notes

Levels and vault maps discovered:
D:1:      dpeg_arrival_stonehenge_8_columns, layout_basic, serial_corexii_hall,
          corexii_hall_statues_i, corexii_hall_statues_i,
          grunt_decor_resistance, st_stairs_14, chequers_serial_rivers_small_3
D:2:      layout_basic, serial_shops, nicolae_book_shop_shelving,
          serial_bayou_ford_a
D:3:      layout_loops_ring, mainiacjoe_overflow_alcove_4,
          dreamdust_ecumenical_altar_hidden_monk_grotto, uniq_sigmund,
          uniq_grinder
D:4:      kennysheep_six_static_rooms, layout_loops_ring,
          mainiacjoe_overflow_swirl, enter_ossuary_1,
          nicolae_figureground_sparkle, uniq_eustachio
D:5:      layout_loops_corners, amethyst_overflow_temple_binary, serial_shops,
          shop, minmay_small_thing
D:6:      layout_basic, ebering_ghost_sewer_f
D:7:      layout_loops_cross, minmay_temple_entry_junction_2,
          ebering_ghost_reflecting_pool, grunt_decor_mini_mirrors,
          chequers_serial_rivers_small_b, serial_bayou_pond_e,
          uniq_crazy_yiuf_cottage, uniq_prince_ribbit1, uniq_duvessa
D:8:      layout_basic, serial_shops, shop
D:9:      layout_rooms, david_lair_shrubbed, uniq_psyche
D:10:     layout_rooms
Temple:   sentei_temple_godly_chess
Lair:1:   layout_regular_city, serial_bayou_shore_b, uniq_joseph
Lair:2:   layout_cave_shapes, nicolae_spider_entry_tight_spaces,
          lemuel_fruit_fields, lemuel_fruit_tree
Lair:3:   layout_cellular_growth, minmay_shoals_entry_hut, nzn_random_ring,
          uniq_rupert, uniq_josephine

Skill      XL: |  1  2  3  4  5  6  7  8  9 10 11 12 |
---------------+-------------------------------------+-----
Fighting       | 3 4 5 7 8 9 11 12 13 | 13.5
Dodging        | 3 4 5 6 7 |  7.7
Ranged Weapons | 5 6 7 8 9 11 12 13 | 13.0
Armour         | 4 7 9 10 | 10.6
Air Magic      | 2 4 5 6 |  6.8
Maces & Flails | 3 |  3.0
Stealth        | |  0.7

Action                     |  1- 3 |  4- 6 |  7- 9 | 10-12 || total
---------------------------+-------+-------+-------+-------++-------
  Melee: War axe           |       |    16 |       |       ||    16
         Headbutt          |       |     6 |    20 |   111 ||   137
         Whip              |       |       |    93 |   398 ||   491
         Punch             |       |       |       |     6 ||     6
         Mace              |       |       |       |    55 ||    55
   Fire: Shortbow          |   103 |   234 |   342 |   238 ||   917
  Evoke: Wand              |       |       |    29 |    31 ||    60
    Use: Potion            |       |     1 |     2 |     8 ||    11
         Scroll            |       |     4 |     9 |     7 ||    20
   Stab: Petrified         |       |       |       |     4 ||     4
 Armour: Ring mail         |    20 |    46 |    42 |   182 ||   290
         Leather armour    |       |       |    40 |       ||    40
  Dodge: Dodged            |    52 |    80 |   199 |   421 ||   752
  Block: Other             |     7 |    32 |    59 |    82 ||   180
         Reflection        |       |     1 |    11 |     1 ||    13
